 Dungeon Crawl Stone Soup version 0.29.0-11-gd7f09526c8 (webtiles) character file.

Game seed: 15013739279090297895

1875 doricub5 the Skirmisher (level 9, -1/69 HPs)
             Began as a Gnoll Hunter on Sept 2, 2022.
             Succumbed to a water moccasin's poison
             ... on level 7 of the Dungeon.
             The game lasted 00:22:44 (6405 turns).

doricub5 the Skirmisher (Gnoll Hunter)              Turns: 6405, Time: 00:22:44

Health: -1/69      AC: 19    Str:  7    XL:     9   Next: 14%
Magic:  15/15      EV: 13    Int:  9    God:
Gold:   258        SH:  0    Dex: 23    Spells: 16/16 levels left

rFire   . . .      SeeInvis .   a - +0 shortbow
rCold   . . .      Faith    .   (shield currently unavailable)
rNeg    . . .      Spirit   .   l - +0 ring mail
rPois   .          Reflect  .   (no helmet)
rElec   .          Harm     .   C - +2 cloak
rCorr   .          Rampage  .   u - +2 pair of gloves
Will    +....                   w - +0 pair of boots
Stlth   +++.......              (no amulet)
HPRegen 0.21/turn               p - ring of willpower
MPRegen 0.14/turn               y - +4 ring of protection

@: mighty, lethally poisoned (-1 -> -7)
A: fangs 1, strong nose, distributed training, iridescent scales 1, agile 1,
weak 1
a: no special abilities


You were on level 7 of the Dungeon.
You visited 1 branch of the dungeon, and saw 8 of its levels.

You collected 378 gold pieces.
You spent 120 gold pieces at shops.

Inventory:

Hand Weapons
 a - a +0 shortbow (weapon)
 A - a +1 long sword of holy wrath
Armour
 l - a +0 ring mail (worn)
 u - a +2 pair of gloves (worn)
 v - a +0 tower shield
 w - a +0 pair of boots (worn)
 C - a +2 cloak (worn)
Jewellery
 p - a ring of willpower (left hand)
 r - a ring of fire
 y - a +4 ring of protection (right hand)
Wands
 q - a wand of charming (6)
Scrolls
 b - 2 scrolls of immolation
 c - 2 scrolls of identify {unknown}
 h - a scroll of vulnerability {unknown}
 i - 2 scrolls of enchant armour {unknown}
 j - 3 scrolls of teleportation {unknown}
 n - a scroll of noise {unknown}
 o - 3 scrolls of butterflies {unknown}
 s - a scroll of amnesia {unknown}
 t - a scroll of magic mapping {unknown}
 B - a scroll of blinking {unknown}
Potions
 d - a potion of might
 e - a potion of magic {unknown}
 f - 2 potions of heal wounds
 g - 2 potions of cancellation {unknown}
 k - a potion of attraction {unknown}
 x - a potion of lignification {unknown}
 z - a potion of curing {unknown}


   Skills:
 + Level 6.2 Fighting
 + Level 4.1 Short Blades
 + Level 4.1 Long Blades
 + Level 4.1 Axes
 + Level 4.1 Maces & Flails
 + Level 4.1 Polearms
 + Level 4.1 Staves
 + Level 9.5 Ranged Weapons
 + Level 4.1 Throwing
 + Level 4.1 Armour
 + Level 6.2 Dodging
 + Level 4.8 Stealth
 + Level 4.1 Shields
 + Level 4.1 Unarmed Combat
 + Level 4.1 Spellcasting
 + Level 3.3 Conjurations
 + Level 3.3 Hexes
 + Level 3.3 Summonings
 + Level 3.3 Necromancy
 + Level 3.3 Translocations
 + Level 3.3 Transmutations
 + Level 3.3 Fire Magic
 + Level 3.3 Ice Magic
 + Level 3.3 Air Magic
 + Level 3.3 Earth Magic
 + Level 3.3 Poison Magic
 + Level 4.5 Invocations
 + Level 4.1 Evocations


You had 16 spell levels left.
You didn't know any spells.
Your spell library contained the following spells:

 Spells                   Type           Power      Damage    Failure   Level
 Sandblast                Erth           14%        2d6       22%         1
 Shock                    Conj/Air       28%        1d4       22%         1
 Ensorcelled Hibernation  Hex/Ice        14%        N/A       32%         2
 Passwall                 Tmut/Erth      5%         N/A       32%         2
 Dazzling Flash           Conj/Hex       14%        N/A       54%         3
 Gell's Gravitas          Tloc           7%         N/A       54%         3
 Ignite Poison            Fire/Tmut/Pois 7%         N/A       54%         3
 Mephitic Cloud           Conj/Pois/Air  7%         N/A       54%         3
 Ozocubu's Armour         Ice            7%         N/A       54%         3
 Stone Arrow              Conj/Erth      14%        3d7       54%         3
 Swiftness                Air            7%         N/A       54%         3
 Teleport Other           Tloc           7%         N/A       54%         3
 Airstrike                Air            3%         2d(1-17)  91%         4
 Iskenderun's Mystic Bla  Conj/Tloc      7%         2d4       91%         4
 Dispersal                Tloc           3%         N/A       100%        6
 Eringya's Noxious Bog    Tmut/Pois      3%         N/A       100%        6
 Starburst                Conj/Fire      3%         6d3       100%        6
 Ozocubu's Refrigeration  Ice            3%         4d8       100%        7


Dungeon Overview and Level Annotations

Branches:
Dungeon (8/15)
 Temple: D:4-7         Lair: D:8-11

Altars:
Cheibriados
Qazlal
Wu Jian

Shops:
D:6 !


Innate Abilities, Weirdness & Mutations

You have very sharp teeth.
Your uncanny sense of smell can sniff out nearby items.
Your experience applies equally to all skills.
You are partially covered in iridescent scales. (AC +2)
You are agile. (Dex +4, Str/Int -1)
You are weak. (Str -2)


Message History

You feel very sick.
The water moccasin completely misses you.
The water moccasin bites you but does no damage.
It was a potion of might.
You feel very mighty all of a sudden.
* * * LOW HITPOINT WARNING * * *
You feel very sick.
The water moccasin bites you but does no damage.
Okay, then.
Fire: a) +0 shortbow
Press: ? - help, Q - select action, (/) - cycle Shift-Dir - straight line, f/p - water moccasin
Aim: a water moccasin (moderately wounded, 56% to hit)
You shoot an arrow. The arrow hits the water moccasin!
The water moccasin is heavily wounded.
* * * LOW HITPOINT WARNING * * *
You feel very sick. The water moccasin misses you. x2
Fire: a) +0 shortbow
Press: ? - help, Q - select action, (/) - cycle Shift-Dir - straight line, f/p - water moccasin
Aim: a water moccasin (heavily wounded, 56% to hit)
You shoot an arrow.
The arrow closely misses the water moccasin.
* * * LOW HITPOINT WARNING * * *
You feel very sick. The water moccasin bites you.
* * * LOW HITPOINT WARNING * * *
Fire: a) +0 shortbow
Press: ? - help, Q - select action, (/) - cycle Shift-Dir - straight line, f/p - water moccasin
Aim: a water moccasin (heavily wounded, 56% to hit)
You shoot an arrow.
The arrow closely misses the water moccasin.
* * * LOW HITPOINT WARNING * * *
You feel sick. The water moccasin closely misses you.
The water moccasin bites you but does no damage.
Fire: a) +0 shortbow
Press: ? - help, Q - select action, (/) - cycle Shift-Dir - straight line, f/p - water moccasin
Aim: a water moccasin (heavily wounded, 56% to hit)
You shoot an arrow.
The arrow barely misses the water moccasin.
You die...

# ##. #.#
#.# ∆ #.#
#.# #@#
......S.#
#########


You could see a water moccasin.

Vanquished Creatures
  Sigmund (D:3)
  A steam dragon (D:6)
  3 water moccasins (D:8)
  2 ice beasts
  A black bear (D:8)
  An ogre (D:6)
  A kobold brigand (D:8)
  4 bullfrogs
  Blork the orc (D:6)
  2 necrophages
  A scorpion (D:4)
  2 hounds
  2 jellies
  An iguana (D:3)
  7 gnolls
  2 adders
  A worm (D:3)
  5 dart slugs
  10 orcs
  A bat (D:2)
  6 endoplasms
  2 giant cockroaches
  15 goblins
  5 hobgoblins
  2 jackals (D:1)
  7 kobolds
  3 quokkas (D:3)
  9 ball pythons
  8 rats
106 creatures vanquished.

Vanquished Creatures (others)
  35 fungi (D:8)
  36 plants (D:8)
71 creatures vanquished.

Grand Total: 177 creatures vanquished

Notes
Turn   | Place    | Note
-------+----------+-------------------------------------------
     0 | D:1      | doricub5 the Gnoll Hunter began the quest for the Orb.
     0 | D:1      | Reached XP level 1. HP: 20/20 MP: 1/1
     6 | D:1      | Got the Incunabulum of Shocking Sculpting
    68 | D:1      | Reached XP level 2. HP: 26/26 MP: 2/2
    84 | D:1      | Found a faded altar of an unknown god.
   237 | D:1      | Reached XP level 3. HP: 29/31 MP: 3/3
   375 | D:1      | Reached skill level 1 in Invocations
   712 | D:1      | Reached skill level 1 in Short Blades
   712 | D:1      | Reached skill level 1 in Long Blades
   712 | D:1      | Reached skill level 1 in Axes
   712 | D:1      | Reached skill level 1 in Maces & Flails
   712 | D:1      | Reached skill level 1 in Polearms
   712 | D:1      | Reached skill level 1 in Staves
   712 | D:1      | Reached skill level 1 in Throwing
   712 | D:1      | Reached skill level 1 in Armour
   712 | D:1      | Reached skill level 1 in Shields
   712 | D:1      | Reached skill level 1 in Unarmed Combat
   712 | D:1      | Reached skill level 1 in Spellcasting
   712 | D:1      | Reached skill level 1 in Evocations
   850 | D:2      | Reached XP level 4. HP: 38/38 MP: 5/5
   864 | D:1      | Reached skill level 1 in Conjurations
   864 | D:1      | Reached skill level 1 in Hexes
   864 | D:1      | Reached skill level 1 in Summonings
   864 | D:1      | Reached skill level 1 in Necromancy
   864 | D:1      | Reached skill level 1 in Translocations
   864 | D:1      | Reached skill level 1 in Transmutations
   864 | D:1      | Reached skill level 1 in Fire Magic
   864 | D:1      | Reached skill level 1 in Ice Magic
   864 | D:1      | Reached skill level 1 in Air Magic
   864 | D:1      | Reached skill level 1 in Earth Magic
   864 | D:1      | Reached skill level 1 in Poison Magic
  1271 | D:2      | Reached XP level 5. HP: 43/43 MP: 7/7
  2195 | D:3      | Noticed Sigmund
  2201 | D:3      | Killed Sigmund
  2202 | D:3      | Reached skill level 5 in Fighting
  2202 | D:3      | Reached skill level 5 in Dodging
  2202 | D:3      | Reached XP level 6. HP: 48/51 MP: 7/9
  3215 | D:4      | Found an ornate altar of the Wu Jian Council.
  3654 | D:4      | Reached XP level 7. HP: 56/56 MP: 10/10
  3805 | D:5      | Entered Level 5 of the Dungeon
  4111 | D:5      | Reached skill level 9 in Ranged Weapons
  4174 | D:5      | You fall into a shaft and drop 3 floors!
  4421 | D:8      | Found a snail-covered altar of Cheibriados.
  4647 | D:8      | Reached XP level 8. HP: 50/63 MP: 12/12
  5160 | D:6      | Noticed Blork the orc
  5196 | D:6      | Killed Blork the orc
  5476 | D:6      | Found Ekliug's Distillery.
  5484 | D:6      | Bought a potion of mutation for 120 gold pieces
  5484 | D:6      | Gained mutation: You are somewhat resistant to further
                  | mutation. [potion of mutation]
  5484 | D:6      | Gained mutation: You are robust. (+10% HP) [potion of
                  | mutation]
  5485 | D:6      | Lost mutation: You are somewhat resistant to further
                  | mutation. [potion of mutation]
  5485 | D:6      | Lost mutation: You are robust. (+10% HP) [potion of
                  | mutation]
  5485 | D:6      | Gained mutation: You are agile. (Dex +4, Str/Int -1)
                  | [potion of mutation]
  5485 | D:6      | Gained mutation: You are weak. (Str -2) [potion of
                  | mutation]
  5485 | D:6      | Gained mutation: You are partially covered in iridescent
                  | scales. (AC +2) [potion of mutation]
  5605 | D:6      | Reached XP level 9. HP: 69/69 MP: 13/15
  6133 | D:6      | Found a stormy altar of Qazlal.
  6403 | D:7      | HP: 3/69 [water moccasin (6)]
  6404 | D:7      | HP: 1/69 [poisoned by a water moccasin]
  6405 | D:7      | Succumbed to a water moccasin's poison

Illustrated notes

Levels and vault maps discovered:
D:1:      psy_arrival_radial01, layout_basic, hellmonk_ecumenical_altar_run_dry,
          minivault_25, minmay_distorted
D:2:      minmay_door_path, layout_basic
D:3:      layout_basic, small_statue_intersection, st_stairs_9, nrook_campfire,
          uniq_sigmund
D:4:      layout_basic, nicolae_overflow_crystal_walls
D:5:      layout_basic, grunt_ministairs_4
D:6:      layout_basic, nicolae_qazlal_style_of_elements, serial_shops, shop,
          uniq_blork_the_orc
D:7:      minmay_the_grid_triangle_9x9_rhombus_full
          [minmay_the_grid_triangle_9x9_negative_grid,
          minmay_the_grid_triangle_9x9_steps,
          minmay_the_grid_triangle_9x9_minimal,
          minmay_the_grid_triangle_9x9_fully_insulated_deathbox,
          minmay_the_grid_triangle_9x9_tough_junction,
          minmay_the_grid_triangle_9x9_subtriangle,
          minmay_the_grid_triangle_9x9_intruding_spiral,
          minmay_the_grid_triangle_9x9_prize_schism], layout_loops_ring,
          lemuel_doored_altar, mainiacjoe_overflow_alcove_2,
          fedhas_altar_decomposition, enter_bailey_2
D:8:      layout_basic, general_overflow_altar, doesnt_xom_only_xom,
          due_lair_maze_entry_diamond

Skill      XL: |  1  2  3  4  5  6  7  8 |
---------------+-------------------------+-----
Invocations    | 1 2 3 4 |  4.5
Short Blades   | 1 2 3 4 |  4.1
Long Blades    | 1 2 3 4 |  4.1
Axes           | 1 2 3 4 |  4.1
Maces & Flails | 1 2 3 4 |  4.1
Polearms       | 1 2 3 4 |  4.1
Staves         | 1 2 3 4 |  4.1
Throwing       | 1 2 3 4 |  4.1
Armour         | 1 2 3 4 |  4.1
Shields        | 1 2 3 4 |  4.1
Unarmed Combat | 1 2 3 4 |  4.1
Spellcasting   | 1 2 3 4 |  4.1
Evocations     | 1 2 3 4 |  4.1
Conjurations   | 1 2 3 |  3.3
Hexes          | 1 2 3 |  3.3
Summonings     | 1 2 3 |  3.3
Necromancy     | 1 2 3 |  3.3
Translocations | 1 2 3 |  3.3
Transmutations | 1 2 3 |  3.3
Fire Magic     | 1 2 3 |  3.3
Ice Magic      | 1 2 3 |  3.3
Air Magic      | 1 2 3 |  3.3
Earth Magic    | 1 2 3 |  3.3
Poison Magic   | 1 2 3 |  3.3
Fighting       | 5 6 |  6.2
Dodging        | 5 6 |  6.2
Stealth        | 3 4 |  4.8
Ranged Weapons | 9 |  9.5

Action                   |  1- 3 |  4- 6 |  7- 9 || total
-------------------------+-------+-------+-------++-------
Melee: Long sword        |       |     8 |       ||     8
 Fire: Shortbow          |    56 |   162 |   232 ||   450
Evoke: Wand              |       |       |     1 ||     1
  Use: Potion            |       |       |     3 ||     3
Armor: Leather armour    |     3 |     6 |       ||     9
       Ring mail         |       |    12 |    86 ||    98
Dodge: Dodged            |    11 |    34 |   146 ||   191
